 Dungeon Crawl Stone Soup version 0.29.1-15-g9cfb28693d (webtiles) character file.

Game seed: 10840274467618693332

13000 cowcol the Severer (level 11, -4/101 HPs)
             Began as a Minotaur Fighter on Mar 1, 2023.
             Was a High Priest of Okawaru.
             Slain by Fannar
             ... wielding a staff of cold
              (14 damage)
             ... on level 1 of the Lair of Beasts.
             The game lasted 00:37:27 (18493 turns).

cowcol the Severer (Minotaur Fighter)              Turns: 18493, Time: 00:37:28

Health: -4/101     AC: 20    Str: 24    XL:     11   Next: 69%
Magic:  14/14      EV:  7    Int:  5    God:    Okawaru [*****.]
Gold:   859        SH:  5    Dex: 16    Spells: 10/10 levels left

rFire   . . .      SeeInvis .   O - +2 battleaxe
rCold   . . .      Faith    .   (shield currently unavailable)
rNeg    . . .      Spirit   .   h - +2 plate armour
rPois   +          Reflect  +   t - +2 hat
rElec   +          Harm     .   (no cloak)
rCorr   .          Rampage  .   (no gloves)
Will    .....                   Q - +0 pair of boots of Liberalism {Dex+5}
Stlth   ..........              D - amulet of reflection
HPRegen 0.26/turn               z - ring of poison resistance
MPRegen 0.14/turn               G - +4 ring of slaying

@: no status effects
A: horns 2, retaliatory headbutt, talons 1, electricity resistance
a: Renounce Religion, Heroism, Finesse, Duel


You were on level 1 of the Lair of Beasts.
You worshipped Okawaru.
Okawaru was extremely pleased with you.
You visited 3 branches of the dungeon, and saw 13 of its levels.
You also visited: Sewer.

You collected 859 gold pieces.

Inventory:

Hand Weapons
 a - a +0 war axe
 l - a +0 hand axe of venom
 M - a +0 spear
 O - a +2 battleaxe (weapon)
Missiles
 g - 27 poisoned darts (quivered)
 m - 7 boomerangs
 C - 5 silver javelins
 P - 2 throwing nets
Armour
 b - a +0 scale mail
 c - a +1 buckler
 h - a +2 plate armour (worn)
 t - a +2 hat (worn)
 E - a +0 pair of boots
 L - a +0 chain mail of fire resistance
 Q - the +0 pair of boots of Liberalism (worn) {Dex+5}
   (You found it on level 11 of the Dungeon)

   Dex:       It affects your dexterity (+5).
Jewellery
 v - a +6 ring of intelligence
 y - a ring of protection from fire
 z - a ring of poison resistance (left hand)
 D - an amulet of reflection (around neck)
 G - a +4 ring of slaying (right hand)
Wands
 d - a wand of roots (7)
 q - a wand of polymorph (5)
 u - a wand of acid (24)
 B - a wand of paralysis (3)
 J - a wand of flame (22)
Scrolls
 e - 3 scrolls of teleportation
 k - 2 scrolls of magic mapping
 n - a scroll of fog
 p - a scroll of fear
 N - 2 scrolls of identify
Potions
 f - a potion of mutation
 i - a potion of ambrosia
 j - a potion of magic {unknown}
 o - 2 potions of heal wounds
 r - a potion of lignification {unknown}
 s - a potion of haste
 w - 2 potions of flight {unknown}
 x - 2 potions of attraction {unknown}
 A - 2 potions of resistance
 F - 2 potions of brilliance
 H - a potion of might


   Skills:
 + Level 10.4 Fighting
 + Level 15.1 Axes
 + Level 2.9 Throwing
 - Level 12.0 Armour
 - Level 3.6 Shields
 * Level 5.3 Invocations


You had 10 spell levels left.
You didn't know any spells.
Your spell library contained the following spells:

 Spells                   Type           Power      Damage    Failure   Level
 Sting                    Tmut/Pois      0%         1d3       99%         1
 Poisonous Vapours        Pois/Air       0%         N/A       100%        2
 Static Discharge         Conj/Air       0%         3-3/arc   100%        2
 Airstrike                Air            0%         2d(0-16)  100%        4
 Dispel Undead            Necr           0%         3d6       100%        4
 Olgreb's Toxic Radiance  Pois           0%         N/A       100%        4
 Sticky Flame             Conj/Fire      0%         2d3       100%        4
 Iskenderun's Battlesphe  Conj           0%         2d6       100%        5
 Lightning Bolt           Conj/Air       0%         1d11      100%        5
 Iron Shot                Conj/Erth      0%         9d1       100%        6
 Orb of Destruction       Conj           0%         9d5       100%        7
 Summon Small Mammal      Summ           Unusable   N/A       N/A         1
 Call Canine Familiar     Summ           Unusable   N/A       N/A         3
 Summon Guardian Golem    Hex/Summ       Unusable   N/A       N/A         3
 Summon Lightning Spire   Summ/Air       Unusable   N/A       N/A         4
 Spellforged Servitor     Conj/Summ      Unusable   N/A       N/A         7

Dungeon Overview and Level Annotations

Branches:
Dungeon (11/15)            Temple (1/1) D:7            Lair (1/5) D:10
    Orc (0/2) D:10          Sewer (visited)

Altars:
Ashenzari
Cheibriados
Dithmenos
Elyvilon
Fedhas
Gozag
Hepliaklqana
Kikubaaqudgha
Makhleb
Nemelex Xobeh
Okawaru
Qazlal
Ru
Sif Muna
Trog
Uskayaw
Vehumet
Wu Jian
Xom
Yredelemnul
Zin
The Shining One

Shops:
D:2 [   D:3 (

Portals:
Trove: D:10 (give 8 scrolls of fear)

Annotations:
D:3 3 runed translucent doors, DemonSlayer's ghost, amateur DsEE
D:8 3 transporters
Lair:1 Fannar


Innate Abilities, Weirdness & Mutations

You have a pair of horns on your head.
You reflexively headbutt those who attack you in melee.
You have sharp toenails.
You are resistant to electric shocks. (rElec)


Message History

The basilisk bites you but does no damage.
Fannar barely misses you. The ice beast hits you. The ice beast freezes you!
* * * LOW HITPOINT WARNING * * *
The ice beast hits you but does no damage.
The ice beast barely misses you. The basilisk bites you!
* * * LOW HITPOINT WARNING * * *
Fannar hits you but does no damage. Fannar freezes you.
* * * LOW HITPOINT WARNING * * *
The ice beast hits you.
* * * LOW HITPOINT WARNING * * *
The ice beast freezes you.
* * * LOW HITPOINT WARNING * * *
The ice beast hits you but does no damage. x2
The basilisk bites you but does no damage.
Fannar hits you but does no damage. Fannar freezes you.
* * * LOW HITPOINT WARNING * * *
The ice beast hits you but does no damage. x2
The ice beast hits you.
* * * LOW HITPOINT WARNING * * *
The ice beast freezes you!
* * * LOW HITPOINT WARNING * * *
The basilisk gazes at you. You resist with some effort.
Fannar completely misses you.
The ice beast hits you but does no damage. x3
The basilisk gazes at you. You resist with some effort.
Fannar hits you but does no damage. Fannar freezes you.
* * * LOW HITPOINT WARNING * * *
The ice beast hits you but does no damage.
The ice beast barely misses you.
The ice beast hits you but does no damage.
You turn to flesh and can move again.
There is a staircase back to the Dungeon here.
As you read the scroll of fear, it crumbles to dust.
You assume a fearsome visage.
Fannar resists with some effort.
The ice beast looks frightened!
The ice beast resists with some effort.
The basilisk looks frightened!
The ice beast looks frightened!
Fannar hits you but does no damage. Fannar freezes you!
You die...

#... #.....#
#...# #.....##...
.....##......#...
......#..~.≈≈....
...#.....~~≈≈~...
........~~≈≈≈≈~..
+......~~~≈≈≈..
#.#...eYY≈≈≈~~.
.....#l.@~≈≈≈≈≈.
..#.#...Y..≈≈≈≈~.
........~~~≈≈≈..
#..........~~≈~..
...........~~....
###.........?...
........##...P.
..##..... #.###


You could see Fannar, a basilisk (fleeing) and 3 ice beasts.

Vanquished Creatures
  A boulder beetle (D:11)
  A two-headed ogre (D:11)
  A cyclops (D:11)
  3 gargoyles (D:11)
  A cane toad (Lair:1)
  3 trolls
  A hornet (D:9)
  20 yaks
  A wyvern (D:10)
  2 wraiths
  2 shadows (D:11)
  8 vampire mosquitoes
  Menkaure (D:7)
  An acid dragon (D:8)
  2 water moccasins
  2 black bears
  An ice beast (D:6)
  2 orc warriors
  2 sky beasts (D:8)
  2 ogres (D:5)
  3 centaurs
  2 phantoms
  3 kobold brigands
  3 necrophages
  10 bullfrogs
  2 gnoll sergeants
  4 scorpions
  A wight (D:8)
  9 killer bees
  3 howler monkeys (D:7)
  4 hounds
  5 orc priests
  2 gnoll boudas
  6 jellies
  3 iguanas
  8 orc wizards
  Terence (D:2)
  19 gnolls
  11 adders
  A shadow imp (D:7)
  A white imp (D:8)
  An ufetubus (D:6)
  4 worms
  3 dart slugs
  27 orcs
  5 bats
  4 endoplasms
  16 giant cockroaches
  9 goblins
  11 hobgoblins
  9 jackals
  8 quokkas
  10 ball pythons
  7 frilled lizards
  11 kobolds
  3 rats
286 creatures vanquished.

Vanquished Creatures (others)
  6 fungi (D:3)
  5 plants
11 creatures vanquished.

Grand Total: 297 creatures vanquished

Notes
Turn   | Place    | Note
-------+----------+-------------------------------------------
     0 | D:1      | cowcol the Minotaur Fighter began the quest for the Orb.
     0 | D:1      | Reached XP level 1. HP: 19/19 MP: 0/0
   360 | D:1      | Reached XP level 2. HP: 25/27 MP: 1/1
   770 | D:1      | Noticed a floating eye
   771 | D:1      | Found a faded altar of an unknown god.
   775 | D:1      | Noticed a shining eye
   775 | D:1      | Noticed a shining eye
   775 | D:1      | Noticed a floating eye
   941 | D:2      | Noticed Terence
   946 | D:2      | Reached skill level 3 in Axes
   946 | D:2      | Reached XP level 3. HP: 23/33 MP: 2/2
  1390 | D:2      | Killed Terence
  1673 | D:2      | Found Vuyprisu's Armour Shoppe.
  1760 | D:2      | Reached XP level 4. HP: 25/41 MP: 3/3
  2198 | D:2      | Reached skill level 5 in Armour
  2648 | D:2      | Reached skill level 4 in Axes
  2728 | D:3      | Found Zemnetuq's Weapon Shoppe.
  2849 | D:3      | Reached XP level 5. HP: 41/47 MP: 4/4
  2940 | D:3      | Found a runed translucent gate.
  2940 | D:3      | Found a runed translucent gate.
  2940 | D:3      | Found a runed translucent gate.
  2941 | D:3      | Noticed DemonSlayer's ghost (amateur DsEE)
  3068 | D:3      | Found a shimmering blue altar of Sif Muna.
  3234 | D:3      | Found a stormy altar of Qazlal.
  3266 | D:3      | Found a blossoming altar of Fedhas.
  3310 | D:3      | Found a hide-covered altar of Uskayaw.
  3801 | D:4      | Reached skill level 5 in Fighting
  3822 | D:4      | Noticed an orc warrior
  4639 | D:3      | Reached skill level 5 in Axes
  4639 | D:3      | Reached XP level 6. HP: 28/54 MP: 5/5
  4986 | D:4      | Killed an orc warrior
  6005 | D:4      | Reached skill level 6 in Axes
  6058 | D:4      | Reached XP level 7. HP: 45/61 MP: 6/6
  6190 | D:4      | Gained mutation: You are resistant to electric shocks.
                  | (rElec) [potion of mutation]
  6190 | D:4      | Gained mutation: You have sharp toenails. [potion of
                  | mutation]
  6518 | D:5      | Entered Level 5 of the Dungeon
  6556 | D:5      | Found an opulent altar of Gozag.
  6654 | D:5      | Reached skill level 7 in Axes
  6933 | D:5      | Found a shadowy altar of Dithmenos.
  7373 | D:5      | Found a white marble altar of Elyvilon.
  7402 | D:5      | Reached skill level 1 in Throwing
  7402 | D:5      | Reached XP level 8. HP: 70/70 MP: 7/7
  7436 | D:5      | Reached skill level 8 in Axes
  7797 | D:5      | Found a glowing golden altar of the Shining One.
  8000 | D:6      | Found a glowing drain.
  8014 | Sewer    | Entered a sewer
  8393 | Sewer    | Reached skill level 9 in Axes
  8826 | D:6      | Found a radiant altar of Vehumet.
  8962 | D:6      | Reached XP level 9. HP: 19/79 MP: 8/8
  9523 | D:6      | Reached skill level 10 in Axes
 10289 | D:7      | Found a burning altar of Makhleb.
 10291 | D:7      | Noticed an Executioner
 10313 | D:7      | Found a staircase to the Ecumenical Temple.
 10326 | Temple   | Entered the Ecumenical Temple
 10409 | Temple   | Became a worshipper of Warmaster Okawaru
 10542 | D:7      | Noticed Menkaure
 11122 | D:7      | Killed Menkaure
 11123 | D:7      | Reached skill level 1 in Invocations
 11511 | D:8      | Reached skill level 11 in Axes
 12096 | D:8      | Found a transporter.
 12099 | D:8      | Found a transporter.
 12101 | D:8      | Found a transporter.
 12101 | D:8      | Found a transporter.
 12538 | D:8      | Noticed a troll
 12538 | D:8      | Noticed a four-headed hydra
 13828 | D:8      | Reached * piety under Okawaru
 13829 | D:8      | Reached skill level 10 in Armour
 13962 | D:8      | Reached XP level 10. HP: 71/88 MP: 10/10
 14543 | D:9      | Reached ** piety under Okawaru
 14544 | D:9      | Reached skill level 12 in Axes
 14782 | D:9      | Reached *** piety under Okawaru
 14787 | D:9      | Reached skill level 13 in Axes
 15477 | D:10     | Entered Level 10 of the Dungeon
 15504 | D:10     | Found a staircase to the Orcish Mines.
 15890 | D:10     | Found a basalt altar of Yredelemnul.
 15903 | D:10     | Found a staircase to the Lair.
 15971 | D:10     | Found a portal to a secret trove of treasure.
 16091 | D:10     | Reached **** piety under Okawaru
 16095 | D:10     | Reached XP level 11. HP: 92/97 MP: 13/13
 16736 | D:10     | Reached skill level 14 in Axes
 16969 | D:11     | Noticed a boulder beetle
 16976 | D:11     | Identified the +0 pair of boots of Liberalism {Dex+5}
 17005 | D:11     | Killed a boulder beetle
 17005 | D:11     | Reached ***** piety under Okawaru
 17326 | D:11     | Reached skill level 10 in Fighting
 18171 | D:11     | Noticed a two-headed ogre
 18180 | D:11     | Killed a two-headed ogre
 18181 | D:11     | Reached skill level 15 in Axes
 18181 | D:11     | Reached skill level 5 in Invocations
 18444 | Lair:1   | Entered Level 1 of the Lair of Beasts
 18458 | Lair:1   | Noticed Fannar
 18493 | Lair:1   | Slain by Fannar

Illustrated notes

Levels and vault maps discovered:
D:1:      zelgadis_glass_arrival_small, layout_loops_ring,
          hellmonk_ecumenical_altar_watching_god
D:2:      layout_loops_ring, serial_shops,
          nicolae_shop_temple_entry_statues_fountains, serial_park_tiny_1,
          uniq_terence
D:3:      layout_loops_cross, amcnicky_altar_gilded,
          mainiacjoe_overflow_tiny_flanked,
          grunt_temple_overflow_forces_of_nature, gammafunk_ghost_split,
          serial_shops, nicolae_shop_competitors_out_of_business
D:4:      layout_rooms, st_stairs_1
D:5:      layout_loops_corners, grunt_gozag_breadcrumbs,
          nicolae_tso_swordbearing_angel, nicolae_overflow_hidden_temple,
          elyvilon_altar_3, minmay_misc_feat_more_columns
D:6:      layout_basic, nicolae_vehumet_radiance, portal_sewer_entry_f,
          amethyst_killhole
D:7:      layout_basic, makhleb_altar_promises_db,
          minmay_temple_entry_offerings, uniq_menkaure
D:8:      cheibrodos_barr_body, layout_basic, nicolae_diode_quadrants
D:9:      layout_basic
D:10:     layout_roguey, mainiacjoe_overflow_alcove_2, dpeg_oklobed_lair,
          david_orc_3, nicolae_trove_entry_diagonal
D:11:     layout_stronghold, kennysheep_donut
Temple:   jpeg_temple_clearing
Lair:1:   layout_regular_city, minivault_11, serial_bayou_shore_a,
          grunt_megastairs_2, infiniplex_staircase_pool, uniq_fannar,
          uniq_nergalle

Skill      XL: |  1  2  3  4  5  6  7  8  9 10 11 |
---------------+----------------------------------+-----
Armour         | 4 5 6 7 8 10 11 12 | 12.0
Fighting       | 4 5 6 7 8 9 10 | 10.4
Axes           | 3 4 5 6 7 9 11 13 15 | 15.1
Throwing       | 1 2 |  2.9
Invocations    | 2 4 5 |  5.3
Shields        | |  3.6

Action                   |  1- 3 |  4- 6 |  7- 9 | 10-12 || total
-------------------------+-------+-------+-------+-------++-------
Melee: War axe           |    62 |   152 |   362 |   210 ||   786
       Headbutt          |    13 |    20 |    60 |    59 ||   152
       Kick              |       |       |    41 |       ||    41
       Battleaxe         |       |       |       |    57 ||    57
Throw: Dart              |     4 |       |     9 |    10 ||    23
       Boomerang         |       |       |     4 |       ||     4
       Javelin           |       |       |     5 |       ||     5
Evoke: Wand              |       |       |     4 |     1 ||     5
  Use: Scroll            |     2 |     2 |    11 |    10 ||    25
       Potion            |     1 |     2 |     5 |     2 ||    10
Armor: Scale mail        |    27 |    81 |   130 |       ||   238
       Plate armour      |       |       |    29 |   144 ||   173
Dodge: Dodged            |    23 |    77 |   134 |    60 ||   294
Block: Buckler           |    14 |    54 |   163 |   103 ||   334
       Reflection        |       |       |       |     8 ||     8
       Other             |       |       |       |    12 ||    12
